 Dungeon Crawl Stone Soup version 0.26.1-10-gdfb7c7de75 (webtiles) character file.

Game seed: 12824535205700162562

1513 goldendragon the Cleaver (level 9, -17/68 HPs)
             Began as a Formicid Fighter on Apr 9, 2021.
             Was a Follower of Makhleb.
             Demolished by an orc warrior
             ... wielding a +0 glaive
              (26 damage)
             ... on level 6 of the Dungeon.
             The game lasted 00:37:07 (6080 turns).

goldendragon the Cleaver (Formicid Fighter)         Turns: 6080, Time: 00:37:08

Health: -17/68     AC: 13    Str: 29    XL:     9   Next: 9%
Magic:  9/9        EV:  8    Int:  9    God:    Makhleb [*.....]
Gold:   210        SH: 13    Dex: 10    Spells: 8/8 levels left

rFire    . . .     SeeInvis +   a - +0 war axe
rCold    . . .     Faith    .   v - +2 kite shield
rNeg     + . .     Spirit   .   r - +0 chain mail
rPois    .         Reflect  .   (helmet unavailable)
rElec    .         Harm     .   h - +0 cloak
rCorr    .         Rampage  .   s - +0 pair of gloves
Will     .....                  p - +0 pair of boots
Stlth    ..........             (no amulet)
HPRegen  0.21/turn              l - ring of positive energy
MPRegen  0.11/turn              n - +6 ring of strength

@: mighty
A: permanent stasis, dig shafts and tunnels, four strong arms, antennae 3
a: Dig, Shaft Self, Renounce Religion


You were on level 6 of the Dungeon.
You worshipped Makhleb.
Makhleb was aware of your devotion.
You visited 2 branches of the dungeon, and saw 7 of its levels.

You collected 210 gold pieces.

Inventory:

Hand Weapons
 a - a +0 war axe (weapon)
Armour
 b - a +0 scale mail
 h - a +0 cloak (worn)
 p - a +0 pair of boots (worn)
 r - a +0 chain mail (worn)
 s - a +0 pair of gloves (worn)
 v - a +2 kite shield (worn)
Jewellery
 l - a ring of positive energy (left hand)
 n - a +6 ring of strength (right hand)
 C - an uncursed ring of stealth
Wands
 c - a wand of paralysis (11)
Scrolls
 e - a scroll of noise
 f - a scroll of blinking
 g - 3 scrolls of teleportation
 i - a scroll of fog {unknown}
 j - a scroll of fear {unknown}
 k - 2 scrolls of random uselessness {unknown}
 m - 2 scrolls of immolation {unknown}
 w - a scroll of identify
 x - a scroll of magic mapping
 y - 2 scrolls of remove curse
Potions
 d - a potion of lignification {unknown}
 o - a potion of brilliance {unknown}
 q - 2 potions of haste
 t - a potion of attraction {unknown}
 u - a potion of invisibility {unknown}
 z - 3 potions of cancellation
 A - a potion of might
 D - 2 potions of curing {unknown}


   Skills:
 + Level 5.0 Fighting
 * Level 8.0 Axes
 + Level 5.2 Armour
 + Level 0.1 Stealth
 + Level 7.3 Shields


You had 8 spell levels left.
You didn't know any spells.
Your spell library contained the following spells:

 Spells                   Type           Power        Failure   Level
 Animate Skeleton         Necr           0%           96%         1
 Apportation              Tloc           0%           96%         1
 Corona                   Hex            0%           96%         1
 Summon Small Mammal      Summ           0%           96%         1


Dungeon Overview and Level Annotations

Branches:
Dungeon (6/15)             Temple (1/1) D:4

Altars:
Ashenzari
Cheibriados
Dithmenos
Elyvilon
Gozag
Kikubaaqudgha
Makhleb
Nemelex Xobeh
Okawaru
Qazlal
Ru
Trog
Uskayaw
Vehumet
Xom
Zin
The Shining One

Shops:
D:5 [


Innate Abilities, Weirdness & Mutations

You cannot be hasted, slowed, berserked, paralysed or teleported.
You can dig through walls and to a lower floor.
Your four strong arms can wield two-handed weapons with a shield.
You have a pair of large antennae on your head. (SInv)


Message History

You block the jackal's attack.
You closely miss the orc wizard.
The orc wizard is lightly wounded.
You barely miss the jackal. You block the orc wizard's attack.
You block the orc warrior's attack. The jackal bites you.
* * * LOW HITPOINT WARNING * * *
The orc wizard gestures wildly while chanting.
The orc wizard blinks!
You block the orc wizard's attack.
Your shield and chain mail prevent you from hitting the orc wizard.
The orc wizard is lightly wounded.
You slash the jackal!
You kill the jackal!
Makhleb accepts your kill. You block the orc wizard's attack.
You block the orc warrior's attack.
You slash the orc wizard!
The orc wizard is heavily wounded.
You block the orc wizard's attack.
The orc wizard hits you but does no damage.
The orc warrior hits you from afar with a +0 glaive!!
You die...

#.#.# .... #.#.#
.... #.#.# .....
#.#.# ..... #.#.#
...... ##### #.#.#
....≈.### #...#
#.#.#
.....o.o####..(#
#.#.#
.......##ohYo.@..#
#.#.# ....
######o..# #.#.#
#.# #....# #.#.#
#..# #.#### #.#.#
#..# ####.# #.#.#
#### #.. ###....#
#.#.# ..#
#.##...#### #.#.#
#.# #....### #.#.#
#.######..# #.#.#


You could see an orc warrior, a sky beast, 3 orc wizards, an orc and a jackal.

Vanquished Creatures
  The ghost of TheGreatAnchovy the Covert, an amateur OpBr (D:3)
  An orc warrior (D:3)
  An ice beast (D:6)
  A necrophage (D:5)
  A centaur (D:3)
  2 ogres
  2 bullfrogs (D:6)
  A scorpion (D:5)
  An orc priest (D:3)
  3 bullfrog skeletons
  3 iguanas
  A centaur skeleton (D:5)
  4 orc wizards
  4 worker ants
  A hound skeleton (D:4)
  A gnoll (D:1)
  8 adders
  2 ufetubi (D:5)
  A worm (D:4)
  3 dart slugs
  7 leopard geckos
  27 orcs
  8 bats
  4 giant cockroaches
  4 hobgoblins
  11 jackals
  3 quokkas
  5 frilled lizards
  7 goblins
  22 kobolds
  A leopard gecko skeleton (D:3)
  9 rats
  5 bushes (D:3)
155 creatures vanquished.

Vanquished Creatures (others)
  19 plants
19 creatures vanquished.

Grand Total: 174 creatures vanquished

Notes
Turn   | Place    | Note
-------+----------+-------------------------------------------
     0 | D:1      | goldendragon the Formicid Fighter began the quest for the
                  | Orb.
     0 | D:1      | Reached XP level 1. HP: 18/18 MP: 1/1
   117 | D:1      | Reached XP level 2. HP: 20/24 MP: 2/2
   380 | D:1      | Reached XP level 3. HP: 21/30 MP: 3/3
  1744 | D:2      | Reached XP level 4. HP: 37/37 MP: 4/4
  2274 | D:2      | Reached skill level 3 in Axes
  2350 | D:2      | Reached XP level 5. HP: 42/42 MP: 5/5
  2973 | D:3      | Noticed an orc warrior
  2974 | D:3      | Noticed a centaur
  2988 | D:3      | Reached XP level 6. HP: 22/48 MP: 6/6
  2990 | D:3      | Reached skill level 5 in Shields
  2990 | D:3      | Killed an orc warrior
  2991 | D:3      | Reached skill level 4 in Axes
  2991 | D:3      | Reached XP level 7. HP: 11/54 MP: 7/7
  3624 | D:3      | Found a runed translucent gate.
  3624 | D:3      | Found a runed translucent gate.
  3624 | D:3      | Found a runed translucent gate.
  3632 | D:3      | Noticed TheGreatAnchovy's ghost (amateur OpBr)
  3662 | D:3      | Killed TheGreatAnchovy's ghost
  3663 | D:3      | Reached skill level 5 in Axes
  3842 | D:3      | Found a snail-covered altar of Cheibriados.
  3955 | D:4      | Found a white marble altar of Elyvilon.
  3975 | D:4      | Found a staircase to the Ecumenical Temple.
  3988 | Temple   | Entered the Ecumenical Temple
  4179 | Temple   | Became a worshipper of Makhleb the Destroyer
  4700 | D:4      | Reached XP level 8. HP: 60/61 MP: 8/8
  4954 | D:4      | Reached skill level 6 in Axes
  5107 | D:5      | Entered Level 5 of the Dungeon
  5147 | D:5      | Reached skill level 5 in Armour
  5223 | D:5      | Found Aguenin's Antique Armour Shop.
  5416 | D:5      | Reached skill level 7 in Axes
  5428 | D:5      | Reached * piety under Makhleb
  5624 | D:5      | Found a stormy altar of Qazlal.
  5999 | D:6      | Reached XP level 9. HP: 67/67 MP: 9/9
  6070 | D:6      | Reached skill level 5 in Fighting
  6070 | D:6      | Reached skill level 8 in Axes
  6080 | D:6      | Demolished by an orc warrior

Illustrated notes

Levels and vault maps discovered:
D:1:      lemuel_arrival_muddy, layout_basic, minmay_quantized
D:2:      layout_loops_corners
D:3:      layout_rooms, kennysheep_slug_shrine, ebering_ghost_rock_garden,
          lexackson_kobold_supper
D:4:      layout_basic, minmay_temple_entry_overgrown, elyvilon_altar_5
D:5:      layout_cave_pools, serial_shops, shop, chequers_serial_rivers_marsh,
          grunt_qazlal_clouds
D:6:      layout_rooms, serial_rivers, chequers_serial_rivers_micro_c,
          chequers_serial_rivers_room_b, chequers_serial_rivers_small_b,
          chequers_serial_rivers_micro_e
Temple:   regret_index_temple_sphere_string

Skill      XL: |  1  2  3  4  5  6  7  8  9 |
---------------+----------------------------+-----
Shields        | 4 5 6 7 |  7.3
Axes           | 3 4 5 7 8 |  8.0
Armour         | 4 5 |  5.2
Fighting       | 4 5 |  5.0
Stealth        | |  0.1

Action                   |  1- 3 |  4- 6 |  7- 9 || total
-------------------------+-------+-------+-------++-------
Melee: War axe           |    90 |   105 |   352 ||   547
 Abil: Dig               |     2 |       |     2 ||     4
  Use: Scroll            |     2 |     3 |     9 ||    14
       Potion            |       |     2 |     2 ||     4
Armor: Scale mail        |    33 |    43 |       ||    76
       Chain mail        |       |    20 |    92 ||   112
Dodge: Dodged            |    29 |    38 |    64 ||   131
Block: Kite shield       |    55 |    92 |   234 ||   381
